 Dungeon Crawl Stone Soup version 0.31-a0-222-gefeffbb62a (webtiles) character file.

Game seed: 12879158581387609492

730 ragingrage the Skirmisher (level 8, -5/58 HPs)
             Began as a Formicid Hunter on July 5, 2023.
             Slain by an orc warrior
             ... wielding a +0 halberd
              (10 damage)
             ... on level 8 of the Dungeon.
             The game lasted 00:04:55 (3358 turns).

ragingrage the Skirmisher (Formicid Hunter)         Turns: 3358, Time: 00:04:56

Health: -5/58      AC:  5    Str: 17    XL:     8   Next: 3%
Magic:  8/8        EV: 16    Int:  8    God:
Gold:   244        SH:  0    Dex: 19    Spells: 7/7 levels left

rFire   + . .        a - +0 shortbow
rCold   x . .        (no shield)
rNeg    . . .        r - +0 ring mail
rPois   .            (helmet unavailable)
rElec   .            (no cloak)
rCorr   .            (no gloves)
SInv    +            (no boots)
Will    .....        (no amulet)
Stlth   ++           h - +5 ring of evasion
HPRegen 0.29/turn    l - ring of fire
MPRegen 0.11/turn

%: no passive effects
@: no status effects
A: permanent stasis, dig shafts and tunnels, antennae 3, four strong arms
a: Dig, Shaft Self


You were on level 8 of the Dungeon.
You visited 1 branch of the dungeon, and saw 7 of its levels.

You collected 260 gold pieces.
You spent 16 gold pieces at shops.

Inventory:

Hand Weapons
 a - a +0 shortbow (weapon)
 b - a +0 dagger of venom
Missiles
 c - 5 poisoned darts
 e - a throwing net
 g - 4 javelins
Armour
 r - a +0 ring mail (worn)
Jewellery
 h - a +5 ring of evasion (left hand)
 l - a ring of fire (right hand)
Scrolls
 d - 2 scrolls of identify {unknown}
 f - 3 scrolls of immolation {unknown}
 i - a scroll of fear {unknown}
 k - a scroll of silence {unknown}
 n - 2 scrolls of teleportation {unknown}
 o - a scroll of butterflies
 q - a scroll of enchant armour {unknown}
 s - a scroll of summoning
Potions
 m - a potion of lignification {unknown}
 p - a potion of haste
 t - a potion of enlightenment {unknown}


   Skills:
 - Level 3.0 Fighting
 + Level 8.8 Ranged Weapons
 - Level 1.7 Dodging
 - Level 3.0 Stealth


You had 7 spell levels left.
You didn't know any spells.
Your spell library contained the following spells:

 Spells                   Type           Power      Damage    Failure   Level
 Dazzling Flash           Conj/Hex       0%         N/A       94%         3
 Gell's Gravitas          Tloc           0%         N/A       94%         3
 Inner Flame              Hex/Fire       0%         N/A       94%         3
 Teleport Other           Tloc           0%         N/A       94%         3
 Agony                    Necr           0%         N/A       100%        5
 Silence                  Hex/Air        0%         N/A       100%        5
 Yara's Violent Unravell  Hex/Tmut       0%         3d3       100%        5
 Dispersal                Tloc           0%         N/A       100%        6
 Enfeeble                 Hex            0%         N/A       100%        7


Dungeon Overview and Level Annotations

Branches:
Dungeon (8/15)
 Temple: D:4-7         Lair: D:8-11

Altars:
Cheibriados
Dithmenos
Qazlal
Uskayaw

Shops:
D:3 (


Innate Abilities, Weirdness & Mutations

You cannot be hasted, slowed, berserked, paralysed or teleported.
You can dig through walls and to a lower floor.
You have a pair of large antennae on your head. (SInv)
Your four strong arms can wield two-handed weapons with a shield.


Message History

The orc warrior closely misses you.
You hit the orc warrior but do no damage.
The orc warrior looks as sick as possible!
The orc warrior hits you with a +0 halberd!
You hit the orc warrior but do no damage.
The orc warrior looks as sick as possible!
The orc warrior completely misses you.
Unknown command.
Your +0 dagger of venom stops dripping with poison.
a - a +0 shortbow (weapon)
Fire: a) +0 shortbow
Press: ? - help, Q - select action, (/) - cycle Shift-Dir - straight line, f/p - orc warrior
Aim: an orc warrior, wielding a +0 halberd and wearing a +0 plate armour (moderately wounded, extremely poisoned, 66% to hit)
You shoot an arrow.
The arrow hits the orc warrior but does no damage.
The orc warrior barely misses you.
The orc warrior hits you with a +0 halberd!
* * * LOW HITPOINT WARNING * * *
Fire: a) +0 shortbow
Press: ? - help, Q - select action, (/) - cycle Shift-Dir - straight line, f/p - orc warrior
Aim: an orc warrior, wielding a +0 halberd and wearing a +0 plate armour (moderately wounded, extremely poisoned, 66% to hit)
You shoot an arrow. The arrow hits the orc warrior.
Fire: a) +0 shortbow
Press: ? - help, Q - select action, (/) - cycle Shift-Dir - straight line, f/p - orc warrior
Aim: an orc warrior, wielding a +0 halberd and wearing a +0 plate armour (moderately wounded, extremely poisoned, 66% to hit)
You shoot an arrow.
The arrow hits the orc warrior but does no damage.
The orc warrior completely misses you.
Fire: a) +0 shortbow
Press: ? - help, Q - select action, (/) - cycle Shift-Dir - straight line, f/p - orc warrior
Aim: an orc warrior, wielding a +0 halberd and wearing a +0 plate armour (heavily wounded, extremely poisoned, 66% to hit)
You shoot an arrow. The arrow hits the orc warrior.
The orc warrior closely misses you. x2
Fire: a) +0 shortbow
Press: ? - help, Q - select action, (/) - cycle Shift-Dir - straight line, f/p - orc warrior
Aim: an orc warrior, wielding a +0 halberd and wearing a +0 plate armour (severely wounded, extremely poisoned, 66% to hit)
You shoot an arrow.
The arrow hits the orc warrior but does no damage.
The orc warrior hits you with a +0 halberd!
You die...

##.# #.#.# #>. #. #.#.# #.# #.
### #.#.# ..# #.#######.#####
#)#.#.#.# #..............
#.#.#.#.### ###.........[....
#.#.#..... .................
#.#.###.###########.........^...
#..............@o)......<.......
...#.###.###########.............
##.#.# #.# #.........(... ..#.#
#.# #............. ##.#.# #.#
########...... ..#.# #.# #......
.##.# #.# #...... . ..# #.#
#.###+#


You could see an orc warrior (very poisoned).

Vanquished Creatures
  A steam dragon (D:8)
  An ice beast (D:7)
  A black bear (D:8)
  A phantom (D:3)
  A bullfrog (D:8)
  4 orc wizards (D:3)
  6 gnolls
  4 adders
  A worm (D:2)
  3 dart slugs
  11 orcs
  4 endoplasms
  5 giant cockroaches
  3 goblins
  10 hobgoblins
  4 quokkas
  4 ball pythons
  7 bats
  2 frilled lizards (D:1)
  3 kobolds
  5 rats
81 creatures vanquished.

Notes
Turn   | Place    | Note
-------+----------+-------------------------------------------
     0 | D:1      | ragingrage the Formicid Hunter began the quest for the Orb.
     0 | D:1      | Reached XP level 1. HP: 16/16 MP: 1/1
    93 | D:1      | Reached XP level 2. HP: 22/22 MP: 2/2
   156 | D:1      | Reached XP level 3. HP: 27/27 MP: 3/3
   539 | D:1      | Reached skill level 5 in Ranged Weapons
   941 | D:2      | Reached XP level 4. HP: 33/33 MP: 4/4
  1346 | D:3      | Found a stormy altar of Qazlal.
  1552 | D:3      | Reached XP level 5. HP: 35/38 MP: 5/5
  1555 | D:3      | Reached skill level 6 in Ranged Weapons
  1970 | D:3      | Noticed a +0 demon trident
  1972 | D:3      | Found Roneruf's Weapon Boutique.
  1974 | D:3      | Noticed a +0 executioner's axe
  1983 | D:3      | Bought 2 poisoned darts for 16 gold pieces
  2126 | D:2      | Reached XP level 6. HP: 21/44 MP: 6/6
  2259 | D:3      | Reached skill level 7 in Ranged Weapons
  2668 | D:4      | Found a shadowy altar of Dithmenos.
  2668 | D:4      | Found a snail-covered altar of Cheibriados.
  2861 | D:5      | Entered Level 5 of the Dungeon
  2968 | D:5      | You fall into a shaft and drop 2 floors!
  2968 | D:7      | Found a hide-covered altar of Uskayaw.
  3153 | D:7      | Noticed an ice beast
  3167 | D:7      | Killed an ice beast
  3168 | D:7      | Reached skill level 8 in Ranged Weapons
  3168 | D:7      | Reached XP level 7. HP: 50/50 MP: 7/7
  3249 | D:8      | Noticed a steam dragon
  3266 | D:8      | Killed a steam dragon
  3279 | D:8      | Reached XP level 8. HP: 20/58 MP: 8/8
  3358 | D:8      | Slain by an orc warrior

Illustrated notes

Levels and vault maps discovered:
D:1:      ncdulo_lavacross, layout_loops_ring
D:2:      layout_loops_cross, kennysheep_generic_room_7
D:3:      layout_loops_ring, nicolae_qazlal_scattered_showers, serial_shops,
          nicolae_shop_mannequins
D:4:      layout_rooms, gammafunk_temple_overflow_pools, minmay_statues_item,
          dreamdust_wishing_well
D:5:      layout_rooms, grunt_temple_overflow_holy_war,
          minmay_temple_entry_hall, dreamdust_mushroom_princess
D:7:      layout_layer_cave, nicolae_uskayaw_murder_on_the_dancefloor
D:8:      layout_basic, enter_bailey_5, grunt_ogre_cave

Skill      XL: |  1  2  3  4  5  6  7 |
---------------+----------------------+-----
Ranged Weapons | 5 6 8 |  8.8
Stealth        | 3 |  3.0
Fighting       | 3 |  3.0
Dodging        | |  1.7

Action                     |  1- 3 |  4- 6 |  7- 9 || total
---------------------------+-------+-------+-------++-------
  Melee: Dagger            |       |    36 |    28 ||    64
         Punch             |       |       |     1 ||     1
   Fire: Shortbow          |    89 |   170 |    11 ||   270
Ability: Dig               |     2 |       |       ||     2
         Shaft Self        |       |     1 |       ||     1
    Use: Potion            |       |     1 |     2 ||     3
 Armour: Leather armour    |     7 |     4 |       ||    11
         Ring mail         |       |    18 |     7 ||    25
  Dodge: Dodged            |    11 |   116 |    36 ||   163

Table legend: (Time is in decaauts)
 A = Elapsed time spent in this place.
 B = Non-inter-level travel time spent in this place.
 C = Inter-level travel time spent in this place.
 D = Time resting spent in this place.
 E = Time spent auto-exploring this place.
 F = Levels seen in this place.
 G = Mean time per level.
                   A        B        C        D        E       F      G
               +--------+--------+--------+--------+--------+-----+--------+
         Total |   3395 |   3282 |    113 |    743 |   1685 |   7 |  485.0 |
       Dungeon |   3395 |   3282 |    113 |    743 |   1685 |   7 |  485.0 |
               +--------+--------+--------+--------+--------+-----+--------+

Top non-repeatable levels by time:
     D:3: 953 daAuts
     D:2: 766 daAuts
     D:1: 689 daAuts
     D:4: 583 daAuts
     D:7: 278 daAuts
     D:8: 110 daAuts
     D:5: 14 daAuts
